 Dungeon Crawl Stone Soup version 0.21-a0-426-g98080a9 (webtiles) character file.

18 Snakeypoo the Grave Robber (level 2, 0/19 HPs)
             Began as a Vampire Necromancer on Nov 5, 2017.
             Succumbed to an adder's poison
             ... on level 2 of the Dungeon.
             The game lasted 00:05:35 (903 turns).

Snakeypoo the Grave Robber (Vampire Necromancer)     Turns: 903, Time: 00:05:36

Health: 0/19       AC:  2    Str:  7    XL:     2   Next: 48%
Magic:  1/5        EV: 12    Int: 17    God:
Gold:   62         SH:  0    Dex: 14    Spells: 3/5 levels left

rFire    . . .     SeeInvis +   l - +0 whip
rCold    . . .     Gourm    .   (no shield)
rNeg     + . .     Faith    .   a - +0 robe
rPois    .         Spirit   .   (no helmet)
rElec    .         Reflect  .   (no cloak)
rCorr    .         Harm     .   (no gloves)
MR       .....                  (no boots)
Stlth    ++........             (no amulet)
HPRegen  0.06/turn              (no ring)
MPRegen  0.09/turn              (no ring)

@: lethally poisoned (0 -> -3)
A: fangs 3, see invisible, unbreathing
a: no special abilities


You were on level 2 of the Dungeon.
You were not thirsty.

You visited 1 branch of the dungeon, and saw 2 of its levels.

You collected 62 gold pieces.

Inventory:

Hand Weapons
 l - a +0 whip (weapon)
Armour
 a - a +0 robe (worn)
Jewellery
 d - an uncursed ring of protection from cold {unknown}
 j - a +4 ring of evasion {unknown}
 k - an uncursed ring of fire {unknown}
Scrolls
 f - a scroll of remove curse {unknown}
 g - a scroll of magic mapping {unknown}
 i - 2 scrolls of teleportation {unknown}
Potions
 c - a potion of blood
 e - a potion of resistance {unknown}
 h - 2 potions of haste {unknown}
 m - a potion of curing {unknown}
Books
 b - a book of Necromancy

   Spells                             Type                      Level
   a - Pain                           Necromancy                   1
   b - Animate Skeleton               Necromancy                   1
   c - Vampiric Draining              Necromancy                   3
   d - Regeneration                   Charms/Necromancy            3
   e - Animate Dead                   Necromancy                   4
   f - Control Undead                 Necromancy                   4


   Skills:
 + Level 2.2 Dodging
 + Level 3.3 Stealth
 + Level 0.2 Unarmed Combat
 + Level 2.0 Spellcasting
 + Level 5.0 Necromancy


You had 3 spell levels left.
You knew the following spells:

 Your Spells              Type           Power        Failure   Level  Hunger
a - Pain                  Necr           ###.         2%          1    #......
b - Animate Skeleton      Necr           N/A          2%          1    #......


Dungeon Overview and Level Annotations

Branches:
Dungeon (2/15)

Altars:


Innate Abilities, Weirdness & Mutations

You have razor-sharp teeth.
You have supernaturally acute eyesight. (SInv)
You can survive without breathing.


Message History

The giant cockroach bites you.
You barely miss the giant cockroach.
* * * LOW HITPOINT WARNING * * *
You feel sick. The giant cockroach bites you.
* * * LOW HITPOINT WARNING * * *
The giant cockroach barely misses you.
You closely miss the giant cockroach. Your bite misses the giant cockroach.
The giant cockroach bites you.
* * * LOW HITPOINT WARNING * * *
You closely miss the giant cockroach.
* * * LOW HITPOINT WARNING * * *
You feel sick. The giant cockroach closely misses you.
You closely miss the giant cockroach. The giant cockroach bites you.
* * * LOW HITPOINT WARNING * * *
You closely miss the giant cockroach.
The giant cockroach bites you but does no damage.
The giant cockroach closely misses you.
You hit the giant cockroach. Your bite misses the giant cockroach.
The giant cockroach is moderately wounded.
You die...

..# #.# #.# #.# #
#.# #.#<##
#..#....######.#
#......#s......
.........@.......
.................
######...........
###.........
#.........
#.........
##........
##.......


You could see a giant cockroach.

Vanquished Creatures
  An adder (D:2)
  A bat (D:1)
  2 giant cockroaches (D:1)
  A goblin (D:1)
  3 kobolds (D:1)
  A rat (D:1)
9 creatures vanquished.

Vanquished Creatures (collateral kills)
  A bat (D:1)
1 creature vanquished.

Grand Total: 10 creatures vanquished

Notes
Turn   | Place    | Note
-------+----------+-------------------------------------------
     0 | D:1      | Snakeypoo the Vampire Necromancer began the quest for the Orb.
     0 | D:1      | Reached XP level 1. HP: 13/13 MP: 3/3
     2 | D:1      | Learned a level 1 spell: Animate Skeleton
   631 | D:1      | Reached XP level 2. HP: 10/19 MP: 0/5
   897 | D:2      | Reached skill level 5 in Necromancy
   903 | D:2      | Succumbed to an adder's poison

Vault maps used:
D:1:      nicolae_arrival_memento_mori
D:2:      led_sif_pool

Skill      XL: |  1  2 |
---------------+-------+-----
Necromancy     | 5 |  5.0
Dodging        | |  2.2
Stealth        | |  3.3
Unarmed Combat | |  0.2
Spellcasting   | |  2.0

Action                   || total
-------------------------++-------
Melee: Unarmed           ||    13
       Whip              ||    13
       Bite              ||     2
 Cast: Pain              ||    17
       Animate Skeleton  ||     1
 Stab: Sleeping          ||     1
Armor: Robe              ||     9
Dodge: Dodged            ||    27

Table legend:
 A = Spawn XP
 B = Non-spawn XP
 C = Spawn XP percentage of total XP
 D = Spawn monster count
 E = Non-spawn monster count
 F = Spawn count percentage of total count
 G = Total turns spent on level
                    A         B        C        D         E        F      G
               +---------+---------+-------+---------+---------+-------+---------
         Total |       0 |      26 |   0.0 |       0 |      10 |   0.0 |   903
               +---------+---------+-------+---------+---------+-------+---------
           D:1 |       0 |      13 |   0.0 |       0 |       9 |   0.0 |   889
           D:2 |       0 |      13 |   0.0 |       0 |       1 |   0.0 |    14
               +---------+---------+-------+---------+---------+-------+---------
